AoeStats
← z PonCe z

Oasis

509286223Analyzed
3v3 RM · 6d ago on Sep 26, 2026· 51m 50s· 6 players
Game mode
Random Map
Map size
Normal (6 player)
Population
200
Speed
Normal
Resources
Standard
Victory
Conquest
Starting age
Dark Age
Ending age
Imperial Age
RankedLock teamsTeams togetherTeam positionsShared explorationLock speedFull tech treeHidden civsTurbo modeCheats
Victory
Defeat
🇲🇽 Persians · Mexico
1061
+17
🇲🇽 Maya · Mexico
1035
+18
🇲🇽 Saxons · Mexico
1030
+19
🇲🇽 Magyars · Mexico
1123
-20
🇲🇽 Franks · Mexico
1117
-19
🇲🇽 Mapuche · Mexico
1021
-15
z PonCe z
0:43 Loom
12:13 Feudal Age
18:29 Double-Bit Axe
22:03 Gold Mining
22:03 Stone Mining
23:27 Horse Collar
24:26 Wheelbarrow
27:32 Castle Age
29:31 Scale Mail Armor
29:41 Forging
30:40 Bow Saw
31:15 Stone Shaft Mining
35:05 Heavy Plow
39:39 Chain Mail Armor
43:07 Iron Casting
Jorge el glorioso maton
3:46 Loom
9:41 Feudal Age
16:31 Castle Age
20:30 Husbandry
30:28 Double-Bit Axe
40:02 Imperial Age
38:45 Scale Barding Armor
38:51 Forging
40:57 Iron Casting
43:36 Iron Casting
44:02 Chain Barding Armor
iSlayerXtrem
4:18 Loom
9:34 Feudal Age
11:03 Wheelbarrow
17:31 Double-Bit Axe
17:31 Horse Collar
19:15 Scale Barding Armor
22:27 Castle Age
21:01 Bloodlines
23:44 Chain Barding Armor
24:25 Gold Mining
24:25 Stone Mining
25:30 Husbandry
26:14 Pikeman
33:29 Hand Cart
33:00 Town Watch
37:46 Imperial Age
38:00 Gold Shaft Mining
39:06 Plate Barding Armor
38:33 Cavalier
39:28 Heavy Plow
40:24 Town Patrol
43:57 Paladin
48:19 Heavy Scorpion
Barquimides
8:55 Loom
10:44 Feudal Age
11:14 Man-at-Arms
11:49 Double-Bit Axe
13:13 Forging
13:46 Scale Mail Armor
13:54 Arson
19:57 Castle Age
19:00 Horse Collar
21:41 Town Watch
23:08 Squires
23:53 Wheelbarrow
26:30 Bow Saw
27:40 Hand Cart
31:40 Chain Mail Armor
35:34 Imperial Age
33:21 Heavy Plow
33:12 Gold Mining
37:38 Conscription
39:24 Gold Shaft Mining
38:21 Pikeman
39:18 Shield Wall
40:47 Fletching
41:30 Plate Mail Armor
40:55 Elite Varangian Guard
41:05 Halberdier
42:02 Gambesons
45:36 Iron Casting
47:22 Chemistry
46:48 Ballistics
49:12 Two-Man Saw
Blutt_SWD
0:36 Loom
10:22 Feudal Age
17:10 Castle Age
15:23 Double-Bit Axe
15:20 Horse Collar
21:47 Wheelbarrow
21:10 Stone Mining
21:31 Heavy Plow
27:04 Hand Cart
33:06 Imperial Age
30:26 Town Watch
31:11 Gold Mining
31:37 Fletching
31:47 Padded Archer Armor
32:56 Hul'che Javelineers
33:04 Thumb Ring
33:01 Bodkin Arrow
33:48 Leather Archer Armor
34:03 Bow Saw
34:55 Elite Plumed Archer
36:39 Chemistry
36:14 Ballistics
37:47 Conscription
38:48 Pikeman
39:28 Squires
39:14 Arson
40:46 Halberdier
51:45 Hoardings
52:01 Ring Archer Armor
51:33 Bracer
Mariostoteles
9:01 Feudal Age
18:32 Castle Age
16:30 Double-Bit Axe
17:03 Horse Collar
19:51 Scale Barding Armor
24:00 Loom
26:33 Bloodlines
27:03 Husbandry
28:01 Heavy Plow
32:10 Wheelbarrow
32:29 Forging
34:28 Hand Cart
36:00 Gold Mining
36:22 Bow Saw
40:00 Imperial Age
39:17 Gold Shaft Mining
39:13 Chain Barding Armor
39:55 Cavalier
41:56 Iron Casting
42:28 Plate Barding Armor
43:52 Blast Furnace
43:16 Savar
48:13 Conscription
Connection lost

Rejoining the realm…

Still unreachable

The connection could not be restored.

Session expired

The server has moved on; the page needs a fresh start.